 Dungeon Crawl Stone Soup version 0.26-a0-812-g31a745ddcd (webtiles) character file.

Game seed: 17856141887587984366

14539 graki42 the Thaumaturge (level 11, -11/61 HPs)
             Began as a Deep Elf Conjurer on Nov 21, 2020.
             Was a Believer of Vehumet.
             Killed from afar by Jorgrun (43 damage)
             ... with a blast of rock fragments
             ... on level 12 of the Dungeon.
             The game lasted 00:51:42 (11770 turns).

graki42 the Thaumaturge (Deep Elf Conjurer)        Turns: 11770, Time: 00:51:43

Health: -11/61     AC: 10    Str:  7    XL:     11   Next: 90%
Magic:  15/29      EV: 17    Int: 24    God:    Vehumet [**....]
Gold:   378        SH:  0    Dex: 13    Spells: 23/34 levels left

rFire    . . .     SeeInvis .   H - staff of cold
rCold    + . .     Faith    .   (no shield)
rNeg     . . .     Spirit   .   O - +0 robe {rPois}
rPois    +         Reflect  .   G - +2 helmet
rElec    .         Harm     .   (no cloak)
rCorr    .         Rampage  .   g - +0 pair of gloves
MR       +....                  (no boots)
Stlth    ++........             k - amulet of magic regeneration
HPRegen  0.20/turn              w - +4 ring of evasion
MPRegen  0.46/turn              e - +4 ring of protection

@: no status effects
A: no striking features
a: Renounce Religion


You were on level 12 of the Dungeon.
You worshipped Vehumet.
Vehumet was pleased with you.
You visited 2 branches of the dungeon, and saw 13 of its levels.
You also visited: Sewer.

You collected 800 gold pieces.
You spent 422 gold pieces at shops.

Inventory:

Armour
 d - a +2 leather armour of cold resistance
 g - a +0 pair of gloves (worn)
 u - a +1 leather armour of positive energy
 C - +0 steam dragon scales
 G - a +2 helmet (worn)
 O - a +0 robe of poison resistance (worn)
Magical Staves
 H - an uncursed staff of cold (weapon)
 P - an uncursed staff of death
Jewellery
 e - a +4 ring of protection (right hand)
 k - an amulet of magic regeneration (around neck)
 l - a +6 ring of dexterity
 w - a +4 ring of evasion (left hand)
 A - an uncursed ring of fire
 K - an uncursed ring of protection from fire
 N - an uncursed amulet of regeneration
 Q - an uncursed amulet of the acrobat
Wands
 a - a wand of iceblast (16)
 c - a wand of digging (12)
 j - a wand of acid (15)
 t - a wand of random effects (9)
 B - a wand of enslavement (16)
 J - a wand of paralysis (8)
Scrolls
 b - 4 scrolls of blinking
 f - 3 scrolls of remove curse
 r - 3 scrolls of fog
 s - 2 scrolls of enchant armour
 x - 7 scrolls of teleportation
 y - 2 scrolls of enchant weapon
 z - 4 scrolls of magic mapping
 D - 2 scrolls of amnesia
 E - 2 scrolls of random uselessness
 F - 4 scrolls of fear
Potions
 h - 5 potions of heal wounds
 i - 2 potions of magic {unknown}
 m - 3 potions of resistance
 n - 8 potions of curing
 o - 4 potions of berserk rage {unknown}
 p - 3 potions of brilliance
 q - a potion of attraction
 v - 2 potions of might
 I - a potion of cancellation {unknown}
 L - a potion of haste {unknown}


   Skills:
 + Level 4.1 Fighting
 - Level 3.0 Dodging
 - Level 3.0 Stealth
 + Level 12.0 Spellcasting
 + Level 11.1 Conjurations
 - Level 10.0 Hexes
 - Level 9.0 Translocations
   Level 7.6 Invocations


You had 23 spell levels left.
You knew the following spells:

 Your Spells              Type           Power        Failure   Level
a - Magic Dart            Conj           ####         1%          1
b - Searing Ray           Conj           ######       1%          2
c - Fulminant Prism       Conj/Hex       ######....   1%          4
d - Iskenderun's Mystic   Conj/Tloc      ######..     1%          4

Your spell library contained the following spells:

 Spells                   Type           Power        Failure   Level
 Inner Flame              Hex/Fire       #####...     1%          3
 Dazzling Flash           Conj/Hex       ######       1%          3
 Haunt                    Necr/Summ      ##........   100%        7
 Borgnjor's Revivificati  Necr           ##........   100%        8
 Infestation              Necr           ##........   100%        8
 Necromutation            Tmut/Necr      ##........   100%        8
 Death's Door             Necr           ##........   100%        9


Dungeon Overview and Level Annotations

Branches:
Dungeon (12/15)            Temple (0/1) D:5            Lair (1/6) D:8
    Orc (0/2) D:12          Sewer (visited)

Altars:
Cheibriados
Dithmenos
Fedhas
Gozag
Hepliaklqana
Kikubaaqudgha
Nemelex Xobeh
Ru
Trog
Uskayaw
Vehumet
Xom

Shops:
D:9 *   D:10 ?!*=!}

Annotations:
D:12 Jorgrun


Message History

Aiming: Fulminant Prism (dangerous; 1% risk of failure)
Press: ? - help, Dir - move target cursor You conjure a prism of explosive energy!
A fulminant prism comes into view.
Some rock shatters into small pieces.
Jorgrun Earthshaker comes into view.
He is wielding a staff of earth.
Casting: Fulminant Prism (dangerous; 1% risk of failure)
Confirm with . or Enter, or press ? or * to list all spells.
Press: ? - help, Dir - move target cursor You conjure a prism of explosive energy!
A fulminant prism comes into view.
A bullfrog skeleton comes into view.
Jorgrun drinks a potion.
Jorgrun flickers and vanishes!
Deactivating autopickup; reactivate with Ctrl-A.
Your fulminant prism crackles loudly.
Nemelex Xobeh makes you draw from the deck of Punishment.
You draw a card...
You have drawn Torment.
Your body is wracked with pain!
The phantom hits your fulminant prism.
The wall shatters!
The blast of rock fragments hits you!!!
Ouch! That really hurt!
You die...

...8...>...8.. .
.....$....... ..
.....Z......
...#Z..W.....#
{.*Z.*.....#
#....!....#
#....8....#
#...####
##@###'####
#........#
##...^...#
#......>#
#.......#
+.......#######
#.......'.....##
#.......#####..##
#.......# ##...


You could see a phantom, an orc zombie, an ogre zombie, a bullfrog skeleton and
2 friendly fulminant prisms.

Vanquished Creatures
  Erica (D:11)
  3 two-headed ogres
  2 death yaks (D:8)
  A wolf spider zombie (D:10)
  A cyclops (D:11)
  Maggie (D:6)
  A rime drake (Lair:1)
  5 slime creatures (D:12)
  Grinder (D:6)
  A wind drake (shapeshifter) (D:11)
  5 dancing weapons (D:10)
  2 wyverns
  2 vampires
  A wraith (D:12)
  A basilisk (D:11)
  Menkaure (D:7)
  8 water moccasins
  Duvessa (D:7)
  6 ice beasts
  3 orc warriors
  4 sky beasts
  Purgy (Sewer)
  A necrophage (D:8)
  2 phantoms
  An eye of draining (D:10)
  10 ogres
  4 centaurs
  3 big kobolds
  2 bullfrogs
  A wyvern skeleton (D:10)
  Dowan (D:7)
  11 killer bees
  13 wights
  A howler monkey (D:5)
  2 electric eels (Lair:1)
  4 crimson imps (D:4)
  2 quasits (D:11)
  A centaur zombie (D:6)
  2 bullfrog skeletons (D:11)
  3 jellies
  7 orc priests
  2 centaur skeletons
  5 hounds
  Crazy Yiuf (D:2)
  4 iguanas
  11 orc wizards
  Ijyb (D:5)
  8 worker ants
  2 killer bee zombies
  4 ogre zombies (D:12)
  A hound skeleton (D:9)
  2 worker ant zombies
  Robin (D:2)
  12 adders
  7 gnolls
  A shadow imp (D:10)
  3 white imps
  An ufetubus (D:5)
  An ooze (D:2)
  3 adder skeletons
  An adder zombie (D:6)
  2 worms
  2 dart slugs (D:1)
  11 leopard geckos
  29 orcs
  8 giant cockroaches
  13 hobgoblins
  17 kobolds
  6 quokkas
  3 ball pythons
  15 bats
  6 frilled lizards
  8 goblins
  A goblin skeleton (D:12)
  A hobgoblin zombie (D:12)
  A jackal skeleton (D:8)
  4 orc skeletons (D:12)
  10 orc zombies (D:12)
  A quokka skeleton (D:5)
  7 rats
339 creatures vanquished.

Vanquished Creatures (others)
  57 fulminant prisms
  9 fungi
  8 plants
74 creatures vanquished.

Grand Total: 413 creatures vanquished

Notes
Turn   | Place    | Note
-------+----------+-------------------------------------------
     0 | D:1      | graki42 the Deep Elf Conjurer began the quest for the Orb.
     0 | D:1      | Reached XP level 1. HP: 10/10 MP: 6/6
   270 | D:1      | Reached XP level 2. HP: 15/15 MP: 2/8
   274 | D:1      | Learned a level 2 spell: Searing Ray
   440 | D:1      | Reached skill level 5 in Conjurations
   724 | D:1      | You fall into a shaft and drop 1 floor!
   765 | D:2      | Found a hide-covered altar of Uskayaw.
   799 | D:1      | Reached XP level 3. HP: 19/19 MP: 7/10
  1252 | D:2      | Found a sparkling altar of Nemelex Xobeh.
  1253 | D:2      | Found an opulent altar of Gozag.
  1261 | D:2      | Became a worshipper of Nemelex Xobeh the Trickster
  1319 | D:2      | Found a hazy altar of Hepliaklqana.
  1457 | D:2      | Found a runed translucent door.
  1458 | D:2      | Noticed Crazy Yiuf
  1463 | D:2      | Killed Crazy Yiuf
  1463 | D:2      | Reached XP level 4. HP: 20/24 MP: 8/11
  1469 | D:2      | Learned a level 4 spell: Fulminant Prism
  1631 | D:2      | Reached skill level 4 in Spellcasting
  1655 | D:2      | Learned a level 4 spell: Iskenderun's Mystic Blast
  1698 | D:2      | Noticed Robin
  1701 | D:2      | Killed Robin
  2129 | D:2      | Reached skill level 1 in Hexes
  2129 | D:2      | Reached skill level 1 in Translocations
  2129 | D:2      | Reached skill level 1 in Invocations
  2129 | D:2      | Reached XP level 5. HP: 28/28 MP: 8/13
  2452 | D:3      | Found a glowing drain.
  2497 | Sewer    | Entered a sewer
  2535 | Sewer    | Noticed Purgy
  2543 | Sewer    | Killed Purgy
  2543 | Sewer    | Reached XP level 6. HP: 32/32 MP: 8/15
  3144 | D:4      | Found a shimmering altar of Xom.
  3170 | D:4      | Reached skill level 5 in Spellcasting
  3217 | D:4      | Reached * piety under Nemelex Xobeh
  3394 | D:4      | Reached XP level 7. HP: 36/36 MP: 11/17
  3487 | D:4      | Found a sacrificial altar of Ru.
  3626 | D:4      | Received a gift from Nemelex Xobeh
  3842 | D:4      | Found a blossoming altar of Fedhas.
  4036 | D:5      | Entered Level 5 of the Dungeon
  4191 | D:5      | Noticed Ijyb
  4200 | D:5      | Killed Ijyb
  4256 | D:5      | Reached skill level 6 in Spellcasting
  4352 | D:5      | Reached XP level 8. HP: 28/41 MP: 11/19
  4489 | D:5      | Found a staircase to the Ecumenical Temple.
  4814 | D:5      | Reached ** piety under Nemelex Xobeh
  4862 | D:5      | Found a bloodstained altar of Trog.
  5008 | D:6      | Reached skill level 5 in Hexes
  5013 | D:6      | Noticed Maggie
  5019 | D:6      | Killed Maggie
  5019 | D:6      | Reached skill level 7 in Spellcasting
  5357 | D:6      | Noticed Grinder
  5369 | D:6      | Killed Grinder
  5369 | D:6      | Reached skill level 5 in Invocations
  5428 | D:6      | Reached skill level 5 in Translocations
  5474 | D:6      | Received a gift from Nemelex Xobeh
  5756 | D:7      | Noticed Menkaure
  5759 | D:7      | Killed Menkaure
  5759 | D:7      | Reached XP level 9. HP: 45/45 MP: 18/22
  5773 | D:7      | Reached skill level 8 in Spellcasting
  6122 | D:7      | Reached *** piety under Nemelex Xobeh
  6137 | D:7      | Found a snail-covered altar of Cheibriados.
  6138 | D:7      | Found a radiant altar of Vehumet.
  6189 | D:7      | Noticed Duvessa
  6189 | D:7      | Noticed Dowan
  6192 | D:7      | Killed Dowan
  6194 | D:7      | Killed Duvessa
  6315 | D:7      | Found an ancient bone altar of Kikubaaqudgha.
  6422 | D:8      | Received a gift from Nemelex Xobeh
  6457 | D:8      | Found a staircase to the Lair.
  6545 | D:8      | Noticed a two-headed ogre
  6550 | D:8      | Killed a two-headed ogre
  6550 | D:8      | Reached skill level 9 in Spellcasting
  6550 | D:8      | Reached XP level 10. HP: 50/50 MP: 20/25
  6619 | D:8      | Found a shadowy altar of Dithmenos.
  7396 | D:9      | Found Yddyilar's General Store.
  7989 | Lair:1   | Entered Level 1 of the Lair of Beasts
  7989 | Lair:1   | Noticed a death yak
  7989 | Lair:1   | Noticed a death yak
  7989 | Lair:1   | Noticed a death yak
  7989 | Lair:1   | Noticed a death yak
  7998 | D:8      | Killed a death yak
  7998 | D:8      | Reached skill level 10 in Spellcasting
  8283 | D:7      | Fell from the grace of Nemelex Xobeh
  8283 | D:7      | Became a worshipper of Vehumet
  8352 | D:10     | Entered Level 10 of the Dungeon
  8518 | D:10     | Found Symab's Magic Scroll Emporium.
  8521 | D:10     | Bought a scroll of teleportation for 39 gold pieces
  8521 | D:10     | Bought a scroll of amnesia for 45 gold pieces
  8758 | D:10     | Reached * piety under Vehumet
  8758 | D:10     | Offered knowledge of Shock by Vehumet.
  8798 | D:10     | Reached XP level 11. HP: 55/55 MP: 8/27
  8866 | D:10     | Noticed a two-headed ogre
  8890 | D:10     | Reached skill level 1 in Fighting
  8891 | D:10     | Killed a two-headed ogre
  8891 | D:10     | Reached skill level 10 in Conjurations
  8909 | D:10     | Found Ifus's Jewellery Shoppe.
  8993 | D:10     | Found Wiack's Gadget Shoppe.
  9050 | D:10     | Found Jych's Distillery.
  9058 | D:10     | Bought a potion of heal wounds for 80 gold pieces
  9058 | D:10     | Bought a potion of heal wounds for 80 gold pieces
  9267 | D:10     | Found Tebluhorr's Serpentskin Sales.
  9275 | D:10     | Bought a +0 robe of poison resistance for 61 gold pieces
  9677 | D:10     | Found Upeleih's Distillery.
  9680 | D:10     | Bought a potion of heal wounds for 65 gold pieces
  9680 | D:10     | Bought a potion of brilliance for 52 gold pieces
  9762 | Lair:1   | Noticed a death yak
  9763 | Lair:1   | Reached skill level 10 in Hexes
  9776 | D:8      | Killed a death yak
 10114 | D:11     | Offered knowledge of Foxfire by Vehumet.
 10160 | D:11     | Reached ** piety under Vehumet
 10161 | D:11     | Reached skill level 11 in Spellcasting
 10498 | D:11     | Noticed Erica
 10513 | D:11     | Killed Erica
 10836 | D:11     | Noticed a two-headed ogre
 10841 | D:11     | Killed a two-headed ogre
 11359 | D:12     | Reached skill level 12 in Spellcasting
 11761 | D:12     | Found a staircase to the Orcish Mines.
 11767 | D:12     | Offered knowledge of Inner Flame by Vehumet.
 11769 | D:12     | Noticed Jorgrun
 11770 | D:12     | Killed from afar by Jorgrun

Illustrated notes

Levels and vault maps discovered:
D:1:      shiori_arrival_maze, layout_loops_ring
D:2:      layout_loops_ring, grunt_temple_overflow_opulence,
          nicolae_overflow_crystal_walls, lemuel_doored_altar,
          nrook_mini_vaults, minivault_5, uniq_crazy_yiuf_cottage, uniq_robin
D:3:      layout_basic, gup_sewer_entry_pipe
D:4:      layout_loops_ring, kennysheep_mini_moat, marbit_many_paths,
          grunt_ministairs_1, led_xom_imps
D:5:      layout_basic, minmay_temple_entry_antechambers, bloody_trog, uniq_ijyb
D:6:      layout_basic, chequers_serial_rivers_micro_b, uniq_maggie,
          uniq_grinder
D:7:      layout_rooms, kennysheep_mini, gammafunk_temple_overflow_pools,
          uniq_duvessa, uniq_menkaure
D:8:      layout_loops_cross, lemuel_crystal_altar, dpeg_oklobed_lair,
          chequers_mini_garden
D:9:      layout_long_grid, serial_shops, shop, minmay_curled_crystal,
          dk_noncrumbling_3
D:10:     layout_stronghold, serial_shops, shop, nicolae_shop_behind_doors,
          kennysheep_little_box, nicolae_shop_behind_doors,
          nicolae_shop_statue_plus, guppyfry_shop_venom
D:11:     layout_basic, uniq_erica
D:12:     layout_roguey, zombieorc2_lemuel, uniq_jorgrun, uniq_psyche
Lair:1:   layout_hall_layers, chequers_serial_rivers_micro_e,
          infiniplex_staircase_pool, grunt_megastairs_5

Skill      XL: |  1  2  3  4  5  6  7  8  9 10 11 |
---------------+----------------------------------+-----
Conjurations   | 5 6 7 8 9 11 | 11.1
Dodging        | 3 |  3.0
Stealth        | 3 |  3.0
Spellcasting   | 4 5 6 7 9 10 12 | 12.0
Hexes          | 1 2 3 4 6 7 9 10 | 10.0
Translocations | 1 2 3 5 6 8 9 |  9.0
Invocations    | 1 2 3 5 6 7 |  7.6
Fighting       | 4 |  4.1

Action                   |  1- 3 |  4- 6 |  7- 9 | 10-12 || total
-------------------------+-------+-------+-------+-------++-------
 Cast: Magic Dart        |    57 |    80 |    59 |    78 ||   274
       Searing Ray       |     4 |    19 |    46 |    89 ||   158
       Fulminant Prism   |       |       |    13 |    46 ||    59
       Iskenderun's Myst |       |       |     6 |    27 ||    33
Invok: Draw Destruction  |       |       |     3 |     4 ||     7
       Triple Draw       |       |       |       |     2 ||     2
       Draw Summoning    |       |       |       |     1 ||     1
  Use: Scroll            |     1 |     5 |    10 |     6 ||    22
       Potion            |       |       |       |     1 ||     1
Armor: Robe              |     1 |       |       |     5 ||     6
       Leather armour    |       |     4 |     6 |       ||    10
       Steam dragon scal |       |       |     8 |     4 ||    12
       Skin              |       |       |       |    15 ||    15
Dodge: Dodged            |     8 |     8 |    23 |    27 ||    66

Table legend: (Time is in decaauts)
 A = Elapsed time spent in this place.
 B = Non-inter-level travel time spent in this place.
 C = Inter-level travel time spent in this place.
 D = Time resting spent in this place.
 E = Time spent auto-exploring this place.
 F = Levels seen in this place.
 G = Mean time per level.
                   A        B        C        D        E       F      G
               +--------+--------+--------+--------+--------+-----+--------+
         Total |  11778 |  11182 |    596 |   1769 |   7734 |  14 |  841.3 |
       Dungeon |  11652 |  11056 |    596 |   1769 |   7643 |  12 |  971.0 |
          Lair |     11 |     11 |      0 |      0 |      0 |   1 |   11.0 |
         Sewer |    114 |    114 |      0 |      0 |     91 |   1 |  114.0 |
               +--------+--------+--------+--------+--------+-----+--------+

Top non-repeatable levels by time:
    D:10: 1470 daAuts
    D:11: 1325 daAuts
     D:8: 1187 daAuts
     D:1: 1151 daAuts
     D:2: 1117 daAuts
     D:5: 953 daAuts
     D:4: 914 daAuts
     D:9: 868 daAuts
     D:6: 785 daAuts
     D:3: 756 daAuts
     D:7: 716 daAuts
    D:12: 406 daAuts
   Sewer: 114 daAuts
  Lair:1: 11 daAuts
